Map: Shrines of Lizul

Players

MonstroTown - Winner!

  • Race: Terran Terran
  • Spawn Location: 9:00

Michael - Winner!

  • Race: Zerg Zerg
  • Spawn Location: 6:00

mushmelow

  • Race: Zerg Zerg
  • League: Silver
  • Spawn Location: 3:00

Luffy

  • Race: Protoss Protoss
  • Spawn Location: 12:00

VOD

Have the link to the VOD?

Description

Time

  • Played on: Sept. 2, 2018, 2:07 a.m.
  • Length: 13:02
Show
View Real Time Build Order
Export as new Build Order

MonstroTown Terran - Winner!

Build Orders: Reaper Expand, MMM Bio 

Get SALT Encoding   

  12  0:00  SCV  
  13  0:13  SCV  
  14  0:18  Supply Depot  
  14  0:25  SCV  
  15  0:40  SCV, Barracks  
  16  0:52  SCV  
  16  0:53  Refinery  
  17  1:06  SCV  
  18  1:28  Command Center  
  18  1:37  Reaper  
  19  1:43  Orbital Command  
  19  2:07  Barracks  
  19  2:15  SCV  
  20  2:19  Supply Depot  
  20  2:22  Marine  
  21  2:27  SCV  
  22  2:39  SCV  
  22  2:41  Factory  
  22  2:45  Orbital Command  
  21  2:52  Marine  
  21  2:57  SCV  
  23  3:05  Bunker  
  23  3:08  Barracks Tech Lab  
  23  3:10  SCV  
  23  3:11  SCV  
  25  3:14  Marine  
  26  3:26  Hellion  
  28  3:32  Marine  
  29  3:40  Bunker  
  29  3:41  Marine  
  30  3:49  Factory Tech Lab  
  30  3:50  Marine  
  30  3:51  Stimpack  
  31  3:56  Starport  
  31  3:57  Engineering Bay  
  31  3:58  Refinery  
  31  4:14  SCV x2  
  33  4:25  Supply Depot  
  33  4:28  Barracks Reactor  
  31  4:36  Hellion  
  33  5:05  Marine x3  
  35  5:21  Siege Tank  
  35  5:22  Medivac  
  35  5:23  Marine x3  
  38  5:38  SCV x2  
  38  5:44  Marauder, Marine x2  
  42  5:50  SCV  
  42  5:51  Supply Depot  
  42  5:56  Siege Tank  
  46  6:02  Marine  
  44  6:12  Engineering Bay, Barracks x2  
  42  6:21  Marine  
  42  6:22  Medivac  
  45  6:27  Barracks  
  45  6:28  Barracks  
  45  6:29  Widow Mine  
  45  6:31  SCV x2  
  49  6:34  Refinery  
  49  6:35  Refinery  
  49  6:43  SCV x2  
  51  6:54  Supply Depot  
  51  6:55  Marine x2  
  51  6:56  Siege Tank, Marauder  
  58  7:02  SCV  
  58  7:03  SCV  
  60  7:12  Barracks Tech Lab, Barracks Reactor  
  60  7:13  Combat Shields  
  60  7:14  SCV  
  60  7:15  SCV  
  62  7:23  Marine  
  62  7:24  Barracks Tech Lab  
  62  7:25  Barracks Reactor  
  62  7:26  SCV  
  62  7:27  SCV  
  62  7:28  Marine  
  62  7:29  Marine  
  67  7:34  Terran Infantry Weapons Level 1  
  67  7:39  Starport Reactor  
  67  7:40  Marine  
  68  7:51  Siege Tank, Supply Depot  
  71  8:00  Marauder x2  
  71  8:04  Marauder, Marine  
  78  8:10  Marine x5  
  83  8:14  Supply Depot  
  83  8:20  Medivac, Marine  
  83  8:21  Medivac, Marine  
  83  8:22  Marine  
  83  8:25  Marine  
  91  8:28  Marine x2  
  57  8:50  Marine x5  
  57  8:51  Marine x4  
  57  8:53  Siege Tank  
  57  8:54  Medivac x2  
  72  9:01  Bunker  
  72  9:05  SCV x2  
  72  9:07  Marine  
  72  9:08  Concussive Shells  
  75  9:17  SCV x2  
  76  9:18  Marine x4  
  76  9:19  Marine x3  
  76  9:20  Liberator x2  
  84  9:34  Marine  
  84  9:35  Marine  
  92  9:38  Siege Tank  
  92  9:44  Armory  
  92  9:45  SCV x2  
  96  9:46  Marine  
  98  10:20  Terran Infantry Armor Level 1  
  98  10:22  Marine  
  98  10:23  Marine x3  
  102  10:34  Terran Ship Weapons Level 1  
  102  10:35  Terran Infantry Weapons Level 2  
  102  10:46  Supply Depot, Marine x4  
  102  10:48  Missile Turret, Supply Depot x2  
  106  10:50  Marine x4  
  110  11:06  Medivac x2, Marine  
  110  11:07  Siege Tank, Marine x2  
  110  11:08  Marauder x2  
  124  11:14  Supply Depot  
  124  11:18  Marine x4  
  127  11:29  Marine x4  
  107  12:34  Marine x5  
  107  12:35  Marine x3  
  107  12:36  Marauder  
Show
View Real Time Build Order
Export as new Build Order

Michael Zerg - Winner!

Build Orders: Hatch First 

Get SALT Encoding   

  12  0:01  Drone  
  13  0:13  Overlord  
  13  0:18  Drone  
  14  0:31  Drone x2  
  14  0:35  Drone  
  17  0:45  Drone  
  18  0:58  Hatchery  
  18  1:01  Drone  
  18  1:05  Extractor  
  17  1:18  Spawning Pool  
  16  1:20  Drone  
  16  1:23  Drone  
  18  1:29  Drone  
  19  1:39  Drone  
  20  1:50  Overlord  
  20  2:06  Queen  
  22  2:08  Metabolic Boost  
  22  2:11  Queen  
  22  2:14  Drone  
  22  2:15  Drone  
  26  2:17  Drone  
  26  2:21  Drone  
  28  2:24  Drone  
  28  2:37  Roach Warren  
  28  2:42  Drone x2  
  29  2:51  Queen  
  31  2:58  Lair  
  31  3:05  Drone x3  
  34  3:08  Drone  
  34  3:10  Drone  
  36  3:15  Overlord  
  36  3:19  Overlord  
  36  3:27  Spine Crawler  
  36  3:33  Roach  
  36  3:34  Roach x2  
  39  3:38  Roach  
  45  3:41  Roach  
  45  3:44  Roach  
  47  3:59  Drone x2  
  49  4:03  Extractor  
  49  4:07  Spine Crawler  
  49  4:08  Drone x3, Spine Crawler  
  49  4:16  Roach  
  51  4:18  Overlord x2  
  51  4:25  Glial Reconstitution  
  51  4:27  Zergling x2  
  51  4:30  Overlord  
  51  4:31  Overlord  
  52  4:35  Overlord  
  52  5:02  Roach x6  
  64  5:08  Roach  
  64  5:12  Roach  
  64  5:13  Roach x2  
  72  5:17  Roach  
  72  5:18  Zergling x4  
  69  5:35  Roach x4  
  69  5:47  Roach  
  69  5:48  Roach  
  69  5:59  Roach x3  
  61  6:18  Hydralisk Den  
  61  6:20  Extractor, Drone x4  
  61  6:22  Extractor  
  62  6:26  Drone x3  
  62  6:27  Drone x5  
  70  6:43  Evolution Chamber  
  70  6:45  Drone x2  
  71  6:58  Hatchery  
  70  7:05  Muscular Augments  
  70  7:10  Zerg Ground Armor Level 1  
  70  7:24  Infestation Pit  
  69  7:30  Hydralisk  
  69  7:31  Hydralisk  
  69  7:33  Overlord x3  
  69  7:34  Overlord x2  
  73  7:46  Hydralisk  
  73  7:47  Hydralisk x3  
  81  7:53  Roach x2  
  81  7:54  Roach  
  87  8:11  Hydralisk x4  
  95  8:16  Grooved Spines  
  95  8:17  Roach x2  
  101  8:20  Roach  
  77  8:36  Hydralisk x3  
  77  8:37  Hydralisk  
  85  8:41  Roach  
  85  8:43  Roach  
  87  8:50  Roach x3  
  87  8:54  Queen  
  87  8:55  Drone x2  
  96  8:57  Drone  
  96  8:59  Drone  
  96  9:00  Drone  
  100  9:03  Drone  
  100  9:06  Hydralisk  
  103  9:10  Hydralisk  
  103  9:15  Zerg Missile Weapons Level 1  
  105  9:31  Hydralisk x4  
  105  9:32  Hydralisk  
  105  9:35  Overlord  
  115  9:38  Overlord  
  115  9:48  Hive  
  115  9:52  Hydralisk  
  117  9:59  Roach x4  
  125  10:05  Roach x3  
  131  10:08  Zergling x2  
  131  10:09  Zergling x4  
  131  10:10  Zergling x2  
  131  10:12  Zergling x2  
  136  10:15  Roach  
  136  10:16  Roach  
  136  10:19  Roach  
  142  10:29  Roach  
  142  10:30  Roach  
  142  10:31  Overlord x2  
  142  10:33  Overlord  
  146  10:35  Overlord  
  146  10:44  Overseer x2  
  146  10:45  Overseer  
  146  10:57  Roach x2  
  150  10:58  Roach  
  150  11:00  Roach  
  150  11:03  Roach  
  156  11:06  Hydralisk  
  158  11:13  Roach x2  
  148  11:46  Hydralisk x6  
  148  11:47  Hydralisk  
  151  12:10  Hydralisk x5  
  149  12:36  Hydralisk x6  
  127  12:39  Zergling x16  
Show
View Real Time Build Order
Export as new Build Order

mushmelow Zerg 

Build Orders: Pool First 

Get SALT Encoding   

  12  0:01  Drone  
  13  0:21  Overlord  
  13  0:23  Drone  
  14  0:39  Drone x2  
  16  0:51  Drone  
  16  0:52  Spawning Pool  
  16  1:12  Hatchery  
  16  1:13  Drone  
  16  1:18  Drone  
  17  1:46  Drone x2  
  19  1:48  Hatchery  
  18  1:56  Queen  
  20  2:07  Drone x2  
  20  2:08  Extractor  
  21  2:15  Zergling x2  
  22  2:31  Zergling x2  
  22  2:32  Queen, Zergling x4  
  26  2:40  Drone x2  
  28  2:51  Overlord  
  28  2:59  Queen  
  28  3:04  Extractor, Drone x4  
  32  3:23  Drone  
  32  3:24  Drone x3  
  36  3:41  Drone x3  
  38  3:42  Drone x3  
  38  3:43  Overlord  
  42  4:01  Queen  
  44  4:04  Drone x2  
  46  4:10  Roach Warren, Lair  
  46  4:11  Drone x4  
  46  4:12  Drone  
  50  4:22  Baneling Nest  
  49  4:42  Drone  
  49  4:43  Overlord x2  
  49  4:48  Zergling x2  
  47  4:58  Overlord x3  
  45  5:07  Zergling x8  
  45  5:08  Zergling x2  
  45  5:11  Overlord x2  
  50  5:19  Roach x4  
  57  5:28  Roach x2  
  60  5:33  Roach x3  
  63  5:54  Roach x4, Baneling Nest  
  67  5:58  Overlord x2  
  67  6:08  Roach x3  
  73  6:28  Overseer  
  73  6:33  Glial Reconstitution  
  73  6:35  Drone x4  
  77  6:40  Extractor  
  77  6:44  Extractor  
  75  6:51  Extractor  
  75  6:52  Drone x3  
  75  6:53  Drone x4  
  81  6:58  Centrifical Hooks  
  81  6:59  Zergling x4  
  81  7:00  Zergling x6  
  86  7:07  Hydralisk Den  
  85  7:18  Roach x2  
  85  7:19  Roach x5  
  85  7:20  Zergling x6  
  102  7:32  Queen  
  104  7:37  Hatchery  
  104  7:41  Hydralisk  
  104  7:43  Overlord  
  104  7:44  Overlord x2  
  105  7:45  Grooved Spines  
  105  7:52  Evolution Chamber  
  105  7:55  Evolution Chamber  
  103  8:06  Drone x4  
  107  8:16  Drone  
  107  8:17  Drone  
  107  8:19  Extractor  
  108  8:23  Roach x7  
  108  8:24  Roach x2  
  96  8:39  Roach x5  
  96  8:40  Roach x2  
  96  8:57  Hydralisk x2  
  96  8:58  Hydralisk x3  
  106  9:08  Drone  
  106  9:09  Drone x2  
  109  9:20  Roach  
  109  9:21  Roach x5  
  121  9:30  Roach x4  
  129  9:39  Overlord x3  
  129  9:44  Zerg Missile Weapons Level 1, Zerg Ground Armor Level 1  
  129  9:48  Queen  
  131  10:27  Zergling x4  
  131  10:28  Zergling x14  
  138  10:29  Zergling x8  
  144  10:41  Overlord x2  
  144  10:42  Overlord  
  144  10:43  Roach  
  144  10:44  Roach x2  
  144  10:45  Hydralisk x4  
  158  10:52  Muscular Augments  
  158  11:01  Baneling x3  
  158  11:02  Baneling x7  
  158  11:05  Zergling x2  
  158  11:06  Zergling x4  
  158  11:08  Overlord x3, Zergling x4  
  158  11:09  Overlord x2  
  158  11:30  Hydralisk x4  
  158  11:31  Hydralisk x3  
  158  11:45  Hydralisk  
  158  11:46  Hydralisk x7  
  165  11:59  Roach x5  
  165  12:00  Roach x4  
  121  12:09  Hydralisk x2  
  121  12:13  Hydralisk x2  
  127  12:28  Hydralisk x5  
Show
View Real Time Build Order
Export as new Build Order

Luffy Protoss 

Build Orders:  

Get SALT Encoding   

  1  0:00  Probe  
  12  0:05  Probe  
  14  0:22  Pylon  
  15  0:28  Probe  
  15  0:40  Probe  
  16  0:43  Gateway  
  16  0:52  Probe, Assimilator  
  17  1:04  Probe  
  17  1:08  Pylon  
  18  1:12  Probe  
  19  1:32  Zealot  
  21  1:37  Cybernetics Core  
  21  1:41  Gateway  
  21  1:44  Probe  
  22  1:56  Probe  
  22  1:58  Warp Gate  
  22  1:59  Zealot  
  24  2:04  Assimilator  
  24  2:09  Pylon  
  24  2:30  Robotics Facility  
  24  2:49  Stalker  
  26  2:58  Gateway  
  26  3:03  Gateway  
  26  3:05  Pylon  
  26  3:10  Stalker  
  28  3:35  Observer  
  29  3:53  Nexus  
  29  3:55  Pylon  
  29  4:10  Immortal  
  29  4:13  Probe  
  34  4:21  Probe  
  34  4:23  Gateway  
  34  4:27  Pylon  
  34  4:31  Probe  
  35  4:33  Stalker  
  38  4:49  Stalker x2  
  42  5:06  Stalker  
  42  5:07  Stalker  
  40  5:44  Stalker x4  
  46  6:26  Stalker x4  
  46  6:30  Probe  
  54  6:33  Probe  
  54  6:38  Probe  
  56  6:41  Probe  
  58  6:48  Probe  
  58  6:51  Probe  
  60  6:54  Sentry  
  60  6:56  Assimilator, Stalker  
  60  6:58  Assimilator  
  60  7:00  Probe  
  65  7:02  Probe  
  66  7:10  Probe  
  66  7:11  Probe  
  68  7:18  Probe  
  68  7:19  Probe  
  69  7:27  Probe  
  69  7:28  Pylon  
  70  7:30  Probe  
  70  7:31  Forge  
  70  7:33  Forge  
  72  7:38  Probe  
  72  7:42  Stalker  
  72  7:43  Stalker  
  77  7:53  Pylon x2  
  77  7:56  Gateway  
  77  8:00  Gateway  
  77  8:11  Stalker  
  77  8:12  Stalker  
  81  8:16  Sentry  
  81  8:17  Sentry  
  85  8:25  Photon Cannon  
  81  8:57  Twilight Council  
  81  9:00  Immortal, Pylon  
  85  9:05  Gateway  
  85  9:06  Protoss Ground Weapons Level 1  
  85  9:07  Gateway  
  85  9:09  Protoss Shields Level 1  
  85  9:21  Pylon  
  85  9:38  Stalker x3  
  87  9:39  Immortal  
  95  9:49  Stalker x2  
  99  10:14  Stalker x3  
  99  10:15  Stalker  
  107  10:24  Blink  
  107  10:37  Stalker  
  107  10:38  Stalker  
  107  10:40  Stalker  
  113  10:51  Probe  
  114  10:59  Probe  
  115  11:09  Probe  
  116  11:13  Nexus  
  116  11:21  Probe  
  116  11:23  Assimilator  
  59  12:12  Stalker x2  
  59  12:13  Stalker x3  
  59  12:14  Stalker x4  
  51  12:25  Stalker x4  
  51  12:26  Stalker x3  
  51  12:27  Stalker  
  59  12:38  Stalker  
  49  12:45  Probe  
  49  12:47  Probe  
  49  12:48  Probe  
Tags
 
Add a new tag
Caveats
  • Supply blocks, unpowered buildings, or Contaminate may cause inaccurate times.
  • Supply counts are checked every 10 seconds.